Map: Blood Boil LE

Players

Ziggy

  • Race: Terran Terran
  • Spawn Location: 5:00

TIME (Oliveira) - Winner!

  • Race: Terran Terran
  • Spawn Location: 11:00

Event: WCS Jonkoping 2017

VOD

Have the link to the VOD?

Description

Time

  • Played on: June 17, 2017, 2:36 p.m.
  • Length: 3:34

All games in this series

Show
View Real Time Build Order
Export as new Build Order

Ziggy Terran 

Build Orders:  

Get SALT Encoding   

  12  0:00  Unknown, SCV  
  13  0:13  SCV  
  14  0:19  Supply Depot  
  14  0:31  Refinery  
  14  0:43  Barracks  
  14  0:56  Barracks  
  14  1:02  SCV  
  15  1:14  SCV  
  16  1:20  Refinery  
  16  1:27  SCV  
  16  1:30  Reaper  
  18  1:42  SCV  
  19  1:47  Reaper  
  20  1:55  Orbital Command  
  20  2:02  Reaper  
  21  2:25  Factory  
  22  2:44  SCV, Supply Depot  
  21  2:56  SCV  
  21  3:08  SCV  
  21  3:11  Starport  
  25  3:20  SCV  
Show
View Real Time Build Order
Export as new Build Order

TIME Terran - Winner!

Build Orders:  

Get SALT Encoding   

  12  0:00  Unknown, SCV  
  13  0:12  SCV  
  14  0:18  Supply Depot  
  14  0:24  SCV  
  15  0:39  SCV  
  15  0:40  Barracks  
  16  0:44  Refinery  
  16  0:51  SCV  
  17  1:00  Barracks  
  17  1:04  SCV  
  18  1:16  SCV  
  19  1:27  Reaper  
  19  1:29  Orbital Command  
  20  1:34  Supply Depot  
  20  1:47  Reaper  
  21  1:54  SCV  
  22  2:03  Reaper  
  22  2:06  SCV  
  24  2:24  Command Center  
  24  2:25  Reaper  
  24  2:26  SCV  
  26  2:35  Refinery  
  26  2:38  SCV  
  26  2:43  Reaper  
  28  2:45  Supply Depot  
  28  2:50  SCV  
  29  2:58  Reaper  
  30  3:02  SCV  
  30  3:14  SCV  
  30  3:18  Factory  
Tags
 
Add a new tag
Caveats
  • Supply blocks, unpowered buildings, or Contaminate may cause inaccurate times.
  • Supply counts are checked every 10 seconds.